 Dungeon Crawl Stone Soup version 0.26-a0-651-gb41185065b (webtiles) character file.

Game seed: 1839868052890217670

34 Flugslaktarn the Shield-Bearer (level 3, -3/34 HPs)
             Began as a Deep Dwarf Fighter on Oct 19, 2020.
             Slain by an ogre
             ... wielding a +0 giant spiked club
              (20 damage)
             ... on level 4 of the Dungeon.
             The game lasted 00:00:21 (451 turns).

Flugslaktarn the Shield-Bearer (Deep Dwarf Fighter)  Turns: 451, Time: 00:00:22

Health: -3/34      AC:  6    Str: 19    XL:     3   Next: 14%
Magic:  3/3        EV:  7    Int:  8    God:
Gold:   90         SH:  9    Dex: 13    Spells: 2/2 levels left

rFire    . . .     SeeInvis .   a - +0 war axe
rCold    . . .     Faith    .   c - +0 kite shield
rNeg     . . .     Spirit   .   b - +0 scale mail
rPois    .         Reflect  .   (no helmet)
rElec    .         Harm     .   (no cloak)
rCorr    .         Rampage  .   (no gloves)
MR       .....                  (no boots)
Stlth    ..........             (no amulet)
HPRegen  0.00/turn              (no ring)
MPRegen  0.08/turn              (no ring)

@: non-regenerating
A: damage resistance, heal wounds, sense surroundings 1, no regeneration
a: Heal Wounds


You were on level 4 of the Dungeon.
You visited 1 branch of the dungeon, and saw 4 of its levels.

You collected 90 gold pieces.

Inventory:

Hand Weapons
 a - a +0 war axe (weapon)
Armour
 b - a +0 scale mail (worn)
 c - a +0 kite shield (worn)
Jewellery
 g - an uncursed ring of see invisible {unknown}
   (You found it on level 1 of the Dungeon)
Scrolls
 e - a scroll of blinking {unknown}
 f - a scroll of identify {unknown}
Potions
 d - a potion of might
 h - a potion of resistance {unknown}
 i - 2 potions of berserk rage {unknown}


   Skills:
 * Level 3.1 Fighting
 * Level 2.9 Axes
 + Level 3.5 Armour
 + Level 3.6 Shields


You had 2 spell levels left.
You didn't know any spells.
Your spell library was empty.

Dungeon Overview and Level Annotations

Branches:
Dungeon (4/15)
 Temple: D:4-7

Altars:


Innate Abilities, Weirdness & Mutations

You are resistant to damage.
You can heal yourself by infusing magical energy.
You passively map a small area around you.
You do not regenerate.


Message History

You block the ogre's attack.
You slash the ogre!
The ogre is almost dead.
You closely miss the adder skeleton. You block the adder skeleton's attack.
You block the ogre's attack.
You barely miss the ogre.
The ogre is almost dead.
You barely miss the frilled lizard. You closely miss the adder skeleton.
You block the adder skeleton's attack.
The ogre hits you with a +0 giant spiked club!
You block the frilled lizard's attack.
The adder skeleton bites you but does no damage.
You barely miss the ogre.
The ogre is almost dead.
You hit the adder skeleton. You barely miss the frilled lizard.
The frilled lizard bites you but does no damage.
You block the adder skeleton's attack.
The ogre hits you with a +0 giant spiked club!!
Ouch! That really hurt!
You die...

, ## * #8##
### ,
...8###.##
*
....##...##
*, ,
..>#....##
, ##.....##
, #OZ....#
, *
#.@....# ,
, * *
*#.l..#.#
#...## 8 ,*
* * ##.## ,
,, ...* , *
, ...* ,,
,, ... ,
..... * , ,


You could see an ogre, a frilled lizard and an adder skeleton.

Vanquished Creatures
  An ooze (D:1)
  A leopard gecko (D:2)
  3 bats (D:1)
  A giant cockroach (D:1)
  4 goblins
  6 hobgoblins
  4 kobolds
  A ball python (D:2)
  3 frilled lizards
  2 rats (D:1)
26 creatures vanquished.

Notes
Turn   | Place    | Note
-------+----------+-------------------------------------------
     0 | D:1      | Flugslaktarn the Deep Dwarf Fighter began the quest for the
                  | Orb.
     0 | D:1      | Reached XP level 1. HP: 20/20 MP: 1/1
    62 | D:1      | Reached XP level 2. HP: 27/27 MP: 2/2
   321 | D:2      | Reached XP level 3. HP: 27/34 MP: 3/3
   446 | D:4      | Noticed an ogre
   451 | D:4      | Slain by an ogre

Illustrated notes

Levels and vault maps discovered:
D:1:      giann_horns, layout_basic, minmay_tromino_i2
D:2:      layout_basic, uniq_robin
D:3:      layout_basic, kennysheep_vampire_church, uniq_grinder
D:4:      layout_loops_cross, nicolae_overflow_hidden_temple,
          chequers_temple_overflow_statue_of_worship, serial_shops,
          nicolae_shop_waterfront, uniq_eustachio

Skill      XL: |  1  2 |
---------------+-------+-----
Fighting       | 3 |  3.1
Axes           | |  2.9
Armour         | |  3.5
Shields        | |  3.6

Action                   || total
-------------------------++-------
Melee: War axe           ||    73
Armor: Scale mail        ||    47
Dodge: Dodged            ||    29
Block: Kite shield       ||    61

Table legend: (Time is in decaauts)
 A = Elapsed time spent in this place.
 B = Non-inter-level travel time spent in this place.
 C = Inter-level travel time spent in this place.
 D = Time resting spent in this place.
 E = Time spent auto-exploring this place.
 F = Levels seen in this place.
 G = Mean time per level.
                   A        B        C        D        E       F      G
               +--------+--------+--------+--------+--------+-----+--------+
         Total |    481 |    440 |     41 |      0 |    281 |   4 |  120.2 |
       Dungeon |    481 |    440 |     41 |      0 |    281 |   4 |  120.2 |
               +--------+--------+--------+--------+--------+-----+--------+

Top non-repeatable levels by time:
     D:2: 287 daAuts
     D:1: 143 daAuts
     D:3: 43 daAuts
     D:4: 6 daAuts
